 Dungeon Crawl Stone Soup version 0.19-a0-1837-gdfe47cf (webtiles) character file.

107 JeffiDaFish the Vexing (level 4, 0/32 HPs)
             Began as a Vampire Enchanter on Oct 8, 2016.
             Was an Initiate of Dithmenos.
             Slain by an orc wizard
             ... wielding a +0 dagger
              (4 damage)
             ... on level 3 of the Dungeon on Oct 9, 2016.
             The game lasted 00:08:05 (2186 turns).

JeffiDaFish the Vexing (Vampire Enchanter)          Turns: 2186, Time: 00:08:05

Health: 0/32       AC:  4    Str:  8    XL:     4   Next: 57%
Magic:  7/7        EV: 13    Int: 17    God:    Dithmenos [......]
Gold:   150        SH:  0    Dex: 14    Spells: 3 memorised, 1 level left

rFire  . . .     SeeInvis +     a - +3 dagger
rCold  . . .     Gourm    .     b - +2 robe
rNeg   + . .     Faith    .     (no shield)
rPois  .         Spirit   .     (no helmet)
rElec  .         Dismiss  .     (no cloak)
rCorr  .         Reflect  .     (no gloves)
MR     .....     Harm     .     (no boots)
Stlth  +++.......               (no amulet)
                                (no ring)
                                (no ring)

@: no status effects
A: fangs 3, see invisible, unbreathing
a: Bat Form, Renounce Religion


You were on level 3 of the Dungeon.
You worshipped Dithmenos.
Dithmenos was noncommittal.
You were not thirsty.

You visited 1 branch of the dungeon, and saw 3 of its levels.

You collected 150 gold pieces.

Inventory:

Hand Weapons
 a - a +3 dagger (weapon)
Armour
 b - a +2 robe (worn)
Scrolls
 e - 4 scrolls of teleportation
 f - 2 scrolls of enchant armour
 g - a scroll of identify
Potions
 d - 18 potions of blood
Books
 c - a book of Maledictions

   Spells                             Type                      Level
   a - Corona                         Hexes                        1
   b - Ensorcelled Hibernation        Hexes/Ice                    2
   c - Confuse                        Hexes                        3
   d - Tukima's Dance                 Hexes                        3
   e - Dazzling Spray                 Conjuration/Hexes            3


   Skills:
 + Level 1.0 Fighting
 + Level 2.3 Short Blades
 + Level 2.5 Dodging
 + Level 5.5 Stealth
 + Level 2.2 Spellcasting
 + Level 5.5 Hexes


You had one spell level left.
You knew the following spells:

 Your Spells              Type           Power        Failure   Level  Hunger
a - Corona                Hex            ###....      1%          1    #......
b - Ensorcelled Hibernat  Hex/Ice        ##....       12%         2    ###....
c - Confuse               Hex            ###.....     8%          3    ###....


Dungeon Overview and Level Annotations

Branches:
Dungeon (3/15)

Altars:
Dithmenos


Innate Abilities, Weirdness & Mutations

You have razor-sharp teeth.
You have supernaturally acute eyesight. (SInv)
You can survive without breathing.


Message History

The orc closely misses you.
You barely miss the orc wizard.
You bite the orc wizard, but do no damage.
The orc wizard barely misses you.
You hit the orc wizard. Your bite misses the orc wizard.
The orc wizard is lightly wounded.
The orc wizard gestures at you while chanting.
The puff of flame hits you!
* * * LOW HITPOINT WARNING * * *
You closely miss the orc wizard.
The orc wizard is lightly wounded.
The orc wizard hits you but does no damage.
You hit the orc wizard.
The orc wizard is moderately wounded.
The orc wizard hits you with a dagger.
* * * LOW HITPOINT WARNING * * *
You hit the orc wizard but do no damage.
The orc wizard is moderately wounded.
The orc wizard hits you with a dagger.
You die...

#.#...................
#####.#.#.................
........#...............#
........................#
.......###...........$..#
..÷...[# #.##<##ob..#.#.#
.......# #..#.##o##.#
.......# ##.#.##o# .#
.......# #.#.##@# .#
.(.....####...##.# .#
...........#..##.# .#
........##.#÷.##.##.#
#####.#.##.#..#.....#
#.#.##.#..#..#
#.#..#.#.....#
#.##.#.##....#
#####.##.#.##....#


You could see an orc wizard, 2 orcs and a bat.

Vanquished Creatures
  Crazy Yiuf (D:2)
  3 adders
  2 worms
  A dart slug (D:1)
  A leopard gecko (D:2)
  A ball python (D:1)
  3 giant cockroaches
  6 goblins
  4 hobgoblins
  3 jackals (D:2)
  2 bats (D:3)
  5 frilled lizards
  7 kobolds
  8 rats
  2 toadstools (D:1)
49 creatures vanquished.

Vanquished Creatures (others)
  2 toadstools (D:1)
2 creatures vanquished.

Grand Total: 51 creatures vanquished

Notes
Turn   | Place    | Note
-------+----------+-------------------------------------------
     0 | D:1      | JeffiDaFish the Vampire Enchanter began the quest for the Orb.
     0 | D:1      | Reached XP level 1. HP: 13/13 MP: 3/3
   134 | D:1      | Reached skill level 5 in Hexes
   456 | D:1      | Reached XP level 2. HP: 19/19 MP: 5/5
   466 | D:1      | Learned a level 2 spell: Ensorcelled Hibernation
   959 | D:2      | Reached XP level 3. HP: 23/25 MP: 6/6
  1268 | D:2      | Found a runed door.
  1374 | D:2      | Noticed Crazy Yiuf
  1380 | D:2      | Killed Crazy Yiuf
  1380 | D:2      | Reached skill level 1 in Fighting
  1380 | D:2      | Reached XP level 4. HP: 21/32 MP: 4/7
  1617 | D:2      | Reached skill level 5 in Stealth
  1694 | D:2      | Found a shadowy altar of Dithmenos.
  1707 | D:2      | Became a worshipper of Dithmenos the Shadowed
  1779 | D:2      | Learned a level 3 spell: Confuse
  2186 | D:3      | Slain by an orc wizard

Vault maps used:
D:1:      ldierk_water_garden
D:2:      wad_pebble_path, nicolae_dithmenos_through_a_glass_darkly,
          uniq_crazy_yiuf_cottage
D:3:      minmay_checkerbox

Skill      XL: |  1  2  3  4 |
---------------+-------------+-----
Hexes          | 5 |  5.5
Fighting       | 1 |  1.0
Short Blades   | 2 |  2.3
Stealth        | 5 |  5.5
Dodging        | |  2.5
Spellcasting   | |  2.2

Action                   |  1- 3 |  4- 6 || total
-------------------------+-------+-------++-------
Melee: Dagger            |    78 |    53 ||   131
       Bite              |     2 |     1 ||     3
 Cast: Ensorcelled Hiber |     2 |     3 ||     5
  Use: Scroll            |     6 |     1 ||     7
       Potion            |     5 |     3 ||     8
 Stab: Sleeping          |     4 |     8 ||    12
Armor: Robe              |    12 |    12 ||    24
Dodge: Dodged            |    41 |    17 ||    58
